AoeStats
← alvaro_j_94

Arena

510878804Analyzed
1v1 RM · 23h ago on Oct 2, 2026· 45m 18s· 2 players
Game mode
Random Map
Map size
Tiny (2 player)
Population
200
Speed
Normal
Resources
Standard
Victory
Conquest
Starting age
Dark Age
Ending age
Imperial Age
RankedLock teamsTeams togetherTeam positionsShared explorationLock speedFull tech treeHidden civsTurbo modeCheats
Victory
Defeat
🇲🇽 Spanish · Mexico
362
+17
🇪🇸 Cumans · Spain
385
-17
pandu
1:29 Loom
13:17 Feudal Age
16:10 Wheelbarrow
15:21 Town Watch
20:37 Castle Age
19:29 Double-Bit Axe
19:51 Horse Collar
20:33 Man-at-Arms
21:51 Stone Mining
30:50 Town Patrol
31:06 Hand Cart
36:43 Imperial Age
36:22 Husbandry
36:58 Husbandry
37:09 Bloodlines
37:59 Conscription
38:55 Cavalier
alvaro_j_94
9:39 Loom
11:56 Feudal Age
13:15 Wheelbarrow
12:28 Double-Bit Axe
23:22 Castle Age
23:27 Gold Mining
23:27 Stone Mining
24:23 Hand Cart
29:56 Bloodlines
30:51 Forging
30:48 Scale Barding Armor
30:44 Scale Mail Armor
30:37 Fletching
30:48 Padded Archer Armor
31:02 Thumb Ring
35:10 Imperial Age
32:52 Steppe Husbandry
33:40 Fervor
33:53 Sanctity
35:23 Iron Casting
35:06 Chain Mail Armor
35:12 Chain Barding Armor
34:48 Bodkin Arrow
35:08 Leather Archer Armor
34:38 Light Cavalry
35:56 Elite Steppe Lancer
35:58 Hussar
36:48 Cavalier
40:46 Elite Kipchak
40:52 Paladin
Connection lost

Rejoining the realm…

Still unreachable

The connection could not be restored.

Session expired

The server has moved on; the page needs a fresh start.